 Dungeon Sprint DCSS version 0.21-a0-274-gc1afaeb (webtiles) character file.

366 potatolord6000 the Fighter (level 6, -16/66 HPs)
             Began as an Ogre Hunter on Sept 19, 2017.
             Was a Follower of Hepliaklqana.
             Demolished by a tyrant leech (25 damage)
             ... in the Dungeon (Sprint VII: "The Pits").
             The game lasted 00:03:21 (753 turns).

potatolord6000 the Fighter (Ogre Hunter)             Turns: 753, Time: 00:03:22

Health: -16/66     AC:  3    Str: 19    XL:     6   Next: 68%
Magic:  15/15      EV: 12    Int: 12    God:    Hepliaklqana [*.....]
Gold:   0          SH:  0    Dex:  9    Spells: 18/18 levels left

rFire    . . .     SeeInvis .   h - +0 morningstar
rCold    . . .     Gourm    .   (no shield)
rNeg     . . .     Faith    .   b - +0 robe
rPois    .         Spirit   .   (helmet restricted)
rElec    .         Reflect  .   (no cloak)
rCorr    .         Harm     .   (gloves unavailable)
MR       .....     NoTele   +   (boots unavailable)
Stlth    +.........             (no amulet)
HPRegen  0.21/turn              (no ring)
MPRegen  0.14/turn              (no ring)

@: no status effects
A: unfitting armour, reduced essence, tough skin 1
a: Recall Ancestor, Ancestor Identity, Renounce Religion


You were in the Dungeon.
You worshipped Hepliaklqana.
Hepliaklqana was aware of your devotion.
You were full.

You visited 1 branch

Inventory:

Hand Weapons
 h - a +0 morningstar (weapon)
Missiles
 c - 2 large rocks (quivered)
Armour
 b - a +0 robe (worn)
Scrolls
 d - 3 scrolls of remove curse
 k - a scroll of blinking
 m - 5 scrolls of amnesia
 n - a scroll of summoning
Potions
 a - a potion of invisibility
 e - 5 potions of curing
 g - 3 potions of heal wounds
 i - 4 potions of magic
 j - 2 potions of berserk rage
Comestibles
 f - 8 bread rations
 o - 40 fruits
 p - 6 meat rations


   Skills:
 + Level 8.7 Fighting
 + Level 5.3 Maces & Flails
 - Level 4.0 Throwing
 + Level 6.0 Dodging
 - Level 0.6 Stealth
 + Level 6.5 Spellcasting
 + Level 6.4 Invocations


You had 18 spell levels left.
You didn't know any spells.

Dungeon Overview and Level Annotations

Branches:
Dungeon (1/1)

Altars:
Ashenzari
Cheibriados
Dithmenos
Elyvilon
Fedhas
Gozag
Hepliaklqana
Kikubaaqudgha
Makhleb
Nemelex Xobeh
Okawaru
Qazlal
Ru
Sif Muna
Trog
Uskayaw
Vehumet
Wu Jian
Xom
Yredelemnul
Zin
The Shining One
Beogh
Jiyva
Lugonu


Innate Abilities, Weirdness & Mutations

You are too large for most types of armour.
You have tough skin. (AC +1)
Your life essence is reduced to manifest your ancestor. (-10% HP)


Message History

Aim: a tyrant leech You throw a large rock.
The large rock closely misses the tyrant leech.
Beorhtric hits the tyrant leech.
The tyrant leech bites you.
The tyrant leech draws strength from your injuries!
Beorhtric barely misses the tyrant leech.
The tyrant leech bites you!!
The tyrant leech draws strength from your injuries!
Throwing (i - inventory):
c - 3 large rocks (quivered)
Press: ? - help, Shift-Dir - straight line, f/p - tyrant leech
Aim: a tyrant leech You throw a large rock.
The large rock hits the tyrant leech!
The tyrant leech is lightly wounded.
Beorhtric closely misses the tyrant leech.
The tyrant leech bites you!!
* * * LOW HITPOINT WARNING * * *
The tyrant leech draws strength from your injuries!
Beorhtric hits the tyrant leech.
You swap places.
The tyrant leech bites you!!
You die...

#)#........##.......#
#'###########.......#
#..)))..# #########
#.###)..# #.#.....#
#.#...#)#+#
#.....#.#(+
#...###.#w#
#.......@R#
###########


You could see the friendly Beorhtric the ancestor and a tyrant leech.

Vanquished Creatures
  A gnoll sergeant (D)
  3 wights (D)
  An orc wizard (D)
  3 worker ants (D)
  3 gnolls (D)
  An adder (D)
  4 river rats (D)
  An adder skeleton (D)
  A leopard gecko (D)
  A goblin (D)
  A ball python skeleton (D)
20 creatures vanquished.

Vanquished Creatures (collateral kills)
  A frilled lizard (D)
1 creature vanquished.

Vanquished Creatures (others)
  An ancestor (D)
1 creature vanquished.

Grand Total: 22 creatures vanquished

Notes
Turn   | Place    | Note
-------+----------+-------------------------------------------
     0 | D        | potatolord6000 the Ogre Hunter began the quest for the Orb.
     0 | D        | Reached XP level 1. HP: 22/22 MP: 1/1
    13 | D        | Reached skill level 3 in Fighting
    55 | D        | Found a bloodstained altar of Trog.
    55 | D        | Found a deep blue altar of Sif Muna.
    55 | D        | Found a viscous altar of Jiyva.
    55 | D        | Found a hazy altar of Hepliaklqana.
    55 | D        | Found an opulent altar of Gozag.
    56 | D        | Found a glowing golden altar of the Shining One.
    56 | D        | Found a glowing silver altar of Zin.
    56 | D        | Found a basalt altar of Yredelemnul.
    56 | D        | Found a shimmering altar of Xom.
    56 | D        | Found an ornate altar of the Wu Jian Council.
    56 | D        | Found a sacrificial altar of Ru.
    56 | D        | Found a stormy altar of Qazlal.
    56 | D        | Found an iron altar of Okawaru.
    56 | D        | Found a sparkling altar of Nemelex Xobeh.
    56 | D        | Found a burning altar of Makhleb.
    56 | D        | Found a blossoming altar of Fedhas.
    56 | D        | Found a white marble altar of Elyvilon.
    56 | D        | Found a shadowy altar of Dithmenos.
    56 | D        | Found a snail-covered altar of Cheibriados.
    58 | D        | Found a radiant altar of Vehumet.
    58 | D        | Found a corrupted altar of Lugonu.
    58 | D        | Found a roughly hewn altar of Beogh.
    60 | D        | Found an ancient bone altar of Kikubaaqudgha.
    60 | D        | Found a hide-covered altar of Uskayaw.
    60 | D        | Found a shattered altar of Ashenzari.
    62 | D        | Became a worshipper of Hepliaklqana the Forgotten
    76 | D        | Reached skill level 4 in Fighting
    76 | D        | Reached skill level 1 in Maces & Flails
    76 | D        | Reached skill level 1 in Spellcasting
    76 | D        | Reached skill level 1 in Invocations
    76 | D        | Reached XP level 2. HP: 28/28 MP: 1/3
   112 | D        | Reached XP level 3. HP: 30/36 MP: 4/6
   123 | D        | Reached skill level 5 in Fighting
   265 | D        | Reached * piety under Hepliaklqana
   292 | D        | Reached XP level 4. HP: 30/46 MP: 7/9
   402 | D        | Reached skill level 6 in Fighting
   403 | D        | Reached XP level 5. HP: 54/54 MP: 9/11
   411 | D        | Reached skill level 7 in Fighting
   433 | D        | Reached skill level 5 in Spellcasting
   433 | D        | Reached skill level 5 in Invocations
   435 | D        | Reached skill level 5 in Dodging
   439 | D        | Reached skill level 8 in Fighting
   439 | D        | Reached XP level 6. HP: 64/64 MP: 12/14
   465 | D        | Reached skill level 5 in Maces & Flails
   750 | D        | Noticed a tyrant leech
   753 | D        | Demolished by a tyrant leech

Vault maps used:
D:        pitsprint

Skill      XL: |  1  2  3  4  5  6 |
---------------+-------------------+-----
Fighting       | 4 5 6 8 |  8.7
Dodging        | 2 3 4 5 6 |  6.0
Maces & Flails | 1 2 3 4 5 |  5.3
Spellcasting   | 1 2 3 4 5 6 |  6.5
Invocations    | 1 2 3 4 5 6 |  6.4
Throwing       | |  4.0
Stealth        | |  0.6

Action                   |  1- 3 |  4- 6 || total
-------------------------+-------+-------++-------
Melee: Mace              |    17 |    48 ||    65
       Morningstar       |       |     6 ||     6
Throw: Large rock        |    10 |     8 ||    18
  Use: Potion            |       |     7 ||     7
 Stab: Invisible         |       |     3 ||     3
  Eat: Meat ration       |       |     1 ||     1
Armor: Robe              |    10 |    21 ||    31
Dodge: Dodged            |    17 |    62 ||    79

Table legend:
 A = Spawn XP
 B = Non-spawn XP
 C = Spawn XP percentage of total XP
 D = Spawn monster count
 E = Non-spawn monster count
 F = Spawn count percentage of total count
 G = Total turns spent on level
                    A         B        C        D         E        F      G
               +---------+---------+-------+---------+---------+-------+---------
         Total |       0 |     523 |   0.0 |       0 |      21 |   0.0 |   753
               +---------+---------+-------+---------+---------+-------+---------
             D |       0 |     523 |   0.0 |       0 |      21 |   0.0 |   753
               +---------+---------+-------+---------+---------+-------+---------
